cohdb
Replays
Latest Replays
All Replays
Popular Replays
Top Player Replays
Match Explorer
How It Works
Community
CoH3 Stats
Reddit
Sign in to upload your games and track your stats! →
Sign in with Steam
Match 44736016
Unlisted
Match 44736016
Overview
Messages
Build Orders
End
Construct Section Command Post
Selects Air and Sea Battlegroup
Infantry Section
Dingo Light Scout Car
Infantry Section
Infantry Section
Selects Supply Surplus
Grenade Package
Construct Platoon Command Post
Selects Supply Surplus
Construct Field Infirmary
Humber Armored Car
Infantry Training
Forward Retreat Point
Selects Commando Section Paradrop
Selects Commando Support Section Paradrop
Humber Armored Car
Light Vehicle Training
Royal Engineer Section
Commando Section Paradrop
Construct Company Command Post
Crusader II Medium Tank
Selects Incendiary Bombing Run
Armored Vehicle Training
Incendiary Bombing Run
Unlock M3 Grant Medium Tanks
Selects UNKNOWN (223837)
M3 Grant Medium Tank
M3 Grant Medium Tank
Construct Resource Cache
Incendiary Bombing Run
Foot Guards Section
Foot Guards Section
Selects Naval Bombardment
Selects Assault Flares
QSC
Oдува́нчик
Lancyin
睦子米酱
insanegame
Gwangju's Hero Chun Doo-gwang
Andolas
ö开挂死一户口本
0
0
Comments
sign in to comment!
No comments posted yet!